 Dungeon Crawl Stone Soup version 0.21.1-1-g345015f (webtiles) character file.

296 Swet the Slasher (level 6, -1/36 HPs)
             Began as a Gargoyle Berserker on July 20, 2018.
             Was a Priest of Trog.
             Slain by flestrin's ghost (11 damage)
             ... on level 4 of the Dungeon.
             The game lasted 00:31:19 (3203 turns).

Swet the Slasher (Gargoyle Berserker)               Turns: 3203, Time: 00:31:19

Health: -1/36      AC:  7    Str: 21    XL:     6   Next: 35%
Magic:  6/6        EV: 13    Int:  8    God:    Trog [***...]
Gold:   138        SH:  3    Dex: 14    Spells: 5/5 levels left

rFire    . . .     SeeInvis .   a - +0 falchion
rCold    . . .     Gourm    .   (no shield)
rNeg     + . .     Faith    .   b - +0 animal skin
rPois    ∞         Spirit   .   (no helmet)
rElec    +         Reflect  +   (no cloak)
rCorr    .         Harm     .   (no gloves)
MR       .....                  (no boots)
Stlth    ..........             l - +3 amulet of reflection
HPRegen  0.12/turn              e - +4 ring of dexterity
MPRegen  0.10/turn              p - ring of loudness (curse)

@: berserk cooldown, slowed, very slow
A: rugged brown scales 1, blurry vision 1, frail 1, negative energy resistance
1, electricity resistance, wild magic 1, unbreathing, petrification resistance,
rot immunity, AC +4
a: Berserk, Trog's Hand, Burn Spellbooks, Renounce Religion


You were on level 4 of the Dungeon.
You worshipped Trog.
Trog was most pleased with you.
You were not hungry.

You visited 1 branch of the dungeon, and saw 4 of its levels.

You collected 138 gold pieces.

Inventory:

Hand Weapons
 a - a +0 falchion (weapon)
 j - a +0 short sword
Armour
 b - a +0 animal skin (worn)
 d - a +0 shield
 f - a +0 chain mail
Jewellery
 e - a +4 ring of dexterity (left hand)
 g - an uncursed ring of positive energy
 l - a +3 amulet of reflection (around neck)
 p - a cursed ring of loudness (right hand)
Wands
 m - a wand of polymorph (17)
Scrolls
 i - a scroll of magic mapping
 k - a scroll of identify
 n - a scroll of teleportation
Comestibles
 c - 4 rations
 h - 4 chunks of flesh


   Skills:
 + Level 4.3 Fighting
 * Level 4.4 Long Blades
 + Level 3.6 Armour
 + Level 2.6 Dodging
 + Level 1.1 Shields


You had 5 spell levels left.
You didn't know any spells.

Dungeon Overview and Level Annotations

Branches:
Dungeon (4/15)
 Temple: D:4-7

Altars:
Cheibriados
Elyvilon

Annotations:
D:4 flestrin's ghost, amateur MiFi


Innate Abilities, Weirdness & Mutations

You are resistant to torment.
Your stone body is resilient. (AC +4)
You are immune to poison.
You resist negative energy. (rN+)
You are resistant to electric shocks. (rElec)
You can survive without breathing.
You are immune to petrification.
You are immune to rotting.
You are partially covered in rugged brown scales. (AC +1, +3% HP)
Scrolls take you a little longer to read.
You are frail. (-10% HP)
Your spells are a little harder to cast, but a little more powerful.


Message History

You feel less resistant to hostile enchantments.
Flestrin's ghost barely misses you.
Aiming: Polymorph
Press: ? - help, Shift-Dir - straight line, f - flestrin's ghost
Aim: flestrin's ghost (heavily damaged, chance to defeat MR: 28%) Flestrin's ghost is unaffected.
Flestrin's ghost hits you!
You are too injured to fight recklessly!
You barely miss flestrin's ghost.
Flestrin's ghost is heavily damaged.
Flestrin's ghost says, "They lied to you.
The Dungeon just goes down and down forever."
Flestrin's ghost hits you but does no damage.
Flestrin's ghost closely misses you.
You hit flestrin's ghost.
Flestrin's ghost is heavily damaged.
Flestrin's ghost hits you. x2
* * * LOW HITPOINT WARNING * * *
Flestrin's ghost closely misses you. You block flestrin's ghost's attack.
Flestrin's ghost hits you!
You die...

###...######.## #
#...### #.### ##8 ###
8##..# #...##
##...##≈##...##.# ###..#
#_....'.'...._#.# ##.#
##.## ##.# ###.# #≈.≈#
##..##### ##....
##†#####........###.....
#....W@..#####.#.......
########## #....######
..$. #.? #. #


You could see flestrin's ghost.

Vanquished Creatures
  2 orc wizards
  Terence (D:2)
  2 worker ants (D:4)
  Robin (D:2)
  A howler monkey skeleton (D:4)
  6 adders
  2 oozes (D:1)
  A worm (D:4)
  A dart slug (D:2)
  A leopard gecko (D:2)
  9 orcs
  4 bats
  A giant cockroach (D:1)
  7 hobgoblins
  7 kobolds
  A ball python (D:2)
  6 frilled lizards
  14 goblins
  9 rats
  2 butterflies (D:3)
78 creatures vanquished.

Notes
Turn   | Place    | Note
-------+----------+-------------------------------------------
     0 | D:1      | Swet the Gargoyle Berserker began the quest for the Orb.
     0 | D:1      | Reached XP level 1. HP: 14/14 MP: 1/1
    27 | D:1      | Reached XP level 2. HP: 13/19 MP: 2/2
   402 | D:1      | Reached XP level 3. HP: 22/23 MP: 3/3
   441 | D:1      | Reached ** piety under Trog
   893 | D:2      | Noticed Terence
   900 | D:2      | Killed Terence
   900 | D:2      | Reached XP level 4. HP: 26/29 MP: 4/4
  1019 | D:2      | Gained mutation: Your mind is acute. (Int +2) [potion of mutation]
  1019 | D:2      | Gained mutation: Your spells are a little harder to cast, but a little more powerful. [potion of mutation]
  1019 | D:2      | Lost mutation: Your spells are a little harder to cast, but a little more powerful. [potion of mutation]
  1019 | D:2      | Gained mutation: Your spells are a little harder to cast, but a little more powerful. [potion of mutation]
  1118 | D:2      | Noticed Robin
  1181 | D:2      | Killed Robin
  1499 | D:3      | Reached XP level 5. HP: 33/33 MP: 5/5
  1913 | D:3      | Reached *** piety under Trog
  1914 | D:3      | HP: 1/49 [something/magic dart (6)]
  2928 | D:4      | Reached skill level 1 in Shields
  2928 | D:4      | Reached XP level 6. HP: 38/38 MP: 6/6
  3074 | D:4      | Lost mutation: Your spells are a little harder to cast, but a little more powerful. [potion of mutation]
  3074 | D:4      | Lost mutation: Your mind is acute. (Int +2) [potion of mutation]
  3074 | D:4      | Gained mutation: Scrolls take you a little longer to read. [potion of mutation]
  3074 | D:4      | Gained mutation: You are partially covered in rugged brown scales. (AC +1, +3% HP) [potion of mutation]
  3074 | D:4      | Gained mutation: You are frail. (-10% HP) [potion of mutation]
  3074 | D:4      | Gained mutation: Your spells are a little harder to cast, but a little more powerful. [potion of mutation]
  3172 | D:4      | Found a white marble altar of Elyvilon.
  3172 | D:4      | Found a snail-covered altar of Cheibriados.
  3172 | D:4      | Noticed flestrin's ghost (amateur MiFi)
  3203 | D:4      | Slain by flestrin's ghost

Skill      XL: |  1  2  3  4  5 |
---------------+----------------+-----
Long Blades    | 3 4 |  4.4
Dodging        | 2 |  2.6
Armour         | 3 |  3.6
Fighting       | 4 |  4.3
Shields        | 1 |  1.1

Action                   |  1- 3 |  4- 6 || total
-------------------------+-------+-------++-------
Melee: Falchion          |    68 |   191 ||   259
Invok: Berserk           |     1 |     4 ||     5
       Trog's Hand       |       |     1 ||     1
Evoke: Wand              |       |     1 ||     1
  Use: Scroll            |       |     9 ||     9
       Potion            |       |     8 ||     8
 Stab: Fleeing           |       |     1 ||     1
  Eat: Chunk             |       |     6 ||     6
       Ration            |       |     2 ||     2
Armor: Animal skin       |    25 |    73 ||    98
Dodge: Dodged            |    51 |   127 ||   178
Block: Other             |       |    12 ||    12
       Reflection        |       |     1 ||     1
       Rpst.: Falchion   |    14 |    43 ||    57
